 Dungeon Sprint DCSS version 0.22.0-16-gc6d26f6 (webtiles) character file.

24 poirepourri the Cleaver (level 5, -18/46 HPs)
             Began as a Minotaur Fighter on Aug 18, 2018.
             Was an Initiate of Gozag.
             Killed from afar by a deep elf mage (33 damage)
             ... with a shard of ice
             ... in the Dungeon (Sprint VI: "Thunderdome").
             The game lasted 00:01:27 (375 turns).

poirepourri the Cleaver (Minotaur Fighter)           Turns: 375, Time: 00:01:29

Health: -18/46     AC:  7    Str: 21    XL:     5   Next: 39%
Magic:  4/4        EV:  7    Int:  2    God:    Gozag
Gold:   229        SH: 13    Dex: 12    Spells: 4/4 levels left

rFire    + + +     SeeInvis +   a - +0 war axe
rCold    . . .     Gourm    .   c - +0 shield
rNeg     . . .     Faith    .   b - +0 scale mail
rPois    +         Spirit   .   (helmet restricted)
rElec    +         Reflect  +   (no cloak)
rCorr    .         Harm     .   (no gloves)
MR       .....     NoTele   +   (no boots)
Stlth    ..........             r - amulet "Alio" {Reflect rElec Int-3 Dex+2 SH+4}
HPRegen  0.15/turn              s - ring "Tyanu" {+Fly SInv}
MPRegen  0.09/turn              q - ring "Jizyrias" {*Drain rElec rPois rF+++ Stlth-}

@: no status effects
A: retaliatory headbutt, horns 2
a: Potion Petition, Call Merchant, Bribe Branch, Renounce Religion, Evoke Flight


You were in the Dungeon.
You worshipped Gozag.
Gozag was aware of your devotion.
You were not hungry.

You visited 1 branch You collected 409 gold pieces.
You spent 180 gold pieces at shops.

Inventory:

Hand Weapons
 a - a +0 war axe (weapon)
Armour
 b - a +0 scale mail (worn)
 c - a +0 shield (worn)
Jewellery
 p - the ring "Bejogeci" {Ice Int+3}
   (You bought it in a shop in the Dungeon)

   [ring of ice]

   It enhances your ice magic.
   It affects your intelligence (+3).
   It makes you vulnerable to fire.
   It protects you from cold.
 q - the ring "Jizyrias" (right hand) {*Drain rElec rPois rF+++ Stlth-}
   (You bought it in a shop in the Dungeon)

   [ring of attention]

   It renders you almost immune to fire.
   It insulates you from electricity.
   It protects you from poison.
   It causes draining when unequipped.
   It makes you less stealthy.
 r - the amulet "Alio" (around neck) {Reflect rElec Int-3 Dex+2 SH+4}
   (You bought it in a shop in the Dungeon)

   [amulet of reflection]

   It shields you and reflects attacks.
   It affects your intelligence (-3).
   It affects your dexterity (+2).
   It insulates you from electricity.
   It affects your SH (+4).
 s - the ring "Tyanu" (left hand) {+Fly SInv}
   (You bought it in a shop in the Dungeon)

   [ring of flight]

   It lets you see invisible.
   It lets you fly.
Wands
 m - a wand of acid (5)
 n - a wand of iceblast (5)
Scrolls
 k - 4 scrolls of blinking
 o - 3 scrolls of fog
Potions
 d - a potion of might
 e - a potion of curing
 g - 4 potions of heal wounds
 h - 4 potions of haste
 i - 2 potions of magic
 j - a potion of berserk rage
 l - a potion of resistance
Comestibles
 f - a ration


   Skills:
 - Level 3.9 Fighting
 + Level 12.8 Axes
 - Level 3.9 Armour
 - Level 3.9 Shields


You had 4 spell levels left.
You didn't know any spells.
Your spell library was empty.

Dungeon Overview and Level Annotations

Branches:
Dungeon (1/1)

Altars:
Cheibriados
Dithmenos
Fedhas
Gozag
Kikubaaqudgha
Makhleb
Okawaru
Qazlal
Ru
Sif Muna
Trog
Uskayaw
Vehumet
Wu Jian
Xom
Yredelemnul
Zin
The Shining One
Beogh
Jiyva
Lugonu

Shops:
D *[%??*?*:[((!!!!


Innate Abilities, Weirdness & Mutations

You reflexively headbutt those who attack you in melee.
You have a pair of horns on your head.


Message History

Get ready!
No target in view!
ROUND 3!
FIGHT!
You sense a tension in the south.
A deep elf mage comes into view. It is wielding a short sword.
The deep elf mage shouts!
You closely miss the deep elf mage. You block the deep elf mage's attack.
You hit the deep elf mage but do no damage.
Your shield prevents you from hitting the deep elf mage.
The deep elf mage gestures at you while chanting.
The bolt of cold hits you!
Ouch! That really hurt!
Your shield and scale mail prevent you from hitting the deep elf mage.
You headbutt the deep elf mage.
The deep elf mage is lightly wounded.
The deep elf mage gestures at you while chanting.
The shard of ice hits you!
Ouch! That really hurt!
You die...
Your body crumbles into a pile of gold.

#⌠..........###...###.....)..
#⌠..........# #.<.# #....$...
#⌠......)...###...###........
##.............###...[.......
###∩........8.# #.8........∩
##∩.._......###......__.∩#
######.8.........8.######
#§e..........⌠#
###@........### #_......._#
#_......._# #_......._#
#∩.......∩# ##∩.....∩##
##.....## ##⌠⌠⌠## #####


You could see a deep elf mage.

Vanquished Creatures
  Sigmund (D)
  2 adders (D)
  A giant cockroach (D)
  A goblin (D)
  2 kobolds (D)
  3 ball pythons (D)
10 creatures vanquished.

Notes
Turn   | Place    | Note
-------+----------+-------------------------------------------
     0 | D        | poirepourri the Minotaur Fighter began the quest for the Orb.
     0 | D        | Reached XP level 1. HP: 19/19 MP: 0/0
     3 | D        | Found an iron altar of Okawaru.
     3 | D        | Found a blossoming altar of Fedhas.
     4 | D        | Found a hide-covered altar of Uskayaw.
     4 | D        | Found a bloodstained altar of Trog.
     5 | D        | Found a corrupted altar of Lugonu.
     5 | D        | Round 1.
     6 | D        | Found Jiajim's Delicious Food.
     6 | D        | Found an opulent altar of Gozag.
     6 | D        | Found Vepuaff's Identification Station.
     7 | D        | Found Kucheror's Jewellery.
     7 | D        | Found Raash's Advanced Armour.
    15 | D        | Bought a faintly glowing ivory ring for 45 gold pieces
    15 | D        | Bought a scorched ivory ring for 45 gold pieces
    15 | D        | Bought a shimmering crystal amulet for 45 gold pieces
    15 | D        | Identified the ring "Bejogeci" {Ice Int+3} (You bought it in a shop in the Dungeon)
    16 | D        | Identified the ring "Jizyrias" {*Drain rElec rPois rF+++ Stlth-} (You bought it in a shop in the Dungeon)
    17 | D        | Identified the amulet "Alio" {Reflect rElec Int-3 Dex+2 SH+4} (You bought it in a shop in the Dungeon)
    18 | D        | Bought a vibrating jade ring for 45 gold pieces
    19 | D        | Identified the ring "Tyanu" {+Fly SInv} (You bought it in a shop in the Dungeon)
    35 | D        | Found an ornate altar of the Wu Jian Council.
    39 | D        | Found a deep blue altar of Sif Muna.
    40 | D        | Found an ancient bone altar of Kikubaaqudgha.
    40 | D        | Found Ysae's Premium Goods.
    42 | D        | Found a shimmering altar of Xom.
    42 | D        | Found a basalt altar of Yredelemnul.
    42 | D        | Found a roughly hewn altar of Beogh.
    42 | D        | Found Doseihud's Weapon Rack.
    44 | D        | Found Xyenkos's Miscellaneous Merchandise.
    44 | D        | Found Ymirchasm's Basic Armour.
    46 | D        | Found a burning altar of Makhleb.
    47 | D        | Found a stormy altar of Qazlal.
    49 | D        | Found Dafiase's Do-It-Yourself Clinic.
    51 | D        | Found a snail-covered altar of Cheibriados.
    51 | D        | Found a shadowy altar of Dithmenos.
    51 | D        | Found a viscous altar of Jiyva.
    51 | D        | Found Ritsik's Distillery.
    52 | D        | Found Kuacur Bige's Bottled Wisdom.
    52 | D        | Found Ciwif's Distillery.
    55 | D        | Found a glowing silver altar of Zin.
    57 | D        | Reached skill level 3 in Axes
    62 | D        | Found a glowing golden altar of the Shining One.
    63 | D        | Found a sacrificial altar of Ru.
    63 | D        | Found Cobb's Staff Store.
    64 | D        | Found Heukkidu's Must-Have Magic.
    64 | D        | Found Futhois's Magic Scroll Shop.
    65 | D        | Found a radiant altar of Vehumet.
    65 | D        | Found Qaesuif's Magic Scroll Shop.
   158 | D        | Noticed Sigmund
   165 | D        | Killed Sigmund
   165 | D        | Arena points: 12 (+12) [x2]
   165 | D        | Reached skill level 12 in Axes
   165 | D        | Reached XP level 2. HP: 18/27 MP: 1/1
   165 | D        | Reached XP level 3. HP: 23/33 MP: 2/2
   165 | D        | Reached XP level 4. HP: 27/40 MP: 3/3
   165 | D        | Reached XP level 5. HP: 32/46 MP: 4/4
   200 | D        | Round 2.
   217 | D        | Became a worshipper of Gozag Ym Sagoz the Greedy
   355 | D        | Arena points: 24 (+12) [x1]
   370 | D        | Round 3.
   370 | D        | Noticed a deep elf mage
   375 | D        | Killed from afar by a deep elf mage

Skill      XL: |  1 |
---------------+----+-----
Axes           | 12 | 12.8
Fighting       | |  3.9
Armour         | |  3.9
Shields        | |  3.9

Action                   |  1- 3 |  4- 6 || total
-------------------------+-------+-------++-------
Melee: War axe           |     8 |     9 ||    17
       Headbutt          |     3 |     2 ||     5
Armor: Scale mail        |     3 |     2 ||     5
Dodge: Dodged            |       |     1 ||     1
Block: Shield            |     5 |     7 ||    12
       Reflection        |     3 |       ||     3
